Map: Miner Evacuation

Players

Crow

  • Race: Protoss Protoss
  • League: Diamond
  • Spawn Location: 7:00

NamroodTuo

  • Race: Zerg Zerg

VOD

Have the link to the VOD?

Description

Time

  • Played on: June 10, 2023, 3:37 a.m.
  • Length: 30:38
Show
View Real Time Build Order
Export as new Build Order

Crow Protoss 

Build Orders:  

Get SALT Encoding   

  12  0:08  Probe (Chrono Boost)  
  13  0:25  Probe (Chrono Boost)  
  14  0:35  Pylon  
  15  0:42  Probe (Chrono Boost)  
  15  0:57  Assimilator  
  15  0:59  Probe (Chrono Boost)  
  16  1:01  Assimilator  
  16  1:16  Probe (Chrono Boost)  
  17  1:32  Probe (Chrono Boost)  
  18  1:46  Gateway  
  18  1:49  Probe (Chrono Boost)  
  19  2:06  Probe (Chrono Boost)  
  19  2:07  Forge  
  20  2:19  Solar Efficiency Level 1  
  20  2:23  Probe (Chrono Boost)  
  22  2:40  Probe (Chrono Boost)  
  22  2:48  Pylon  
  22  2:49  Pylon  
  22  2:57  Probe (Chrono Boost)  
  23  3:14  Probe (Chrono Boost)  
  23  3:16  Cybernetics Core  
  24  3:55  Probe (Chrono Boost)  
  26  4:12  Probe (Chrono Boost)  
  26  4:18  Twilight Council  
  26  4:21  Stargate  
  26  4:29  Probe (Chrono Boost)  
  27  4:30  Pylon  
  27  4:31  Pylon  
  27  4:33  Pylon  
  27  4:35  Enhanced Targeting  
  27  5:07  Pylon  
  27  5:11  Photon Cannon  
  27  5:18  Photon Cannon  
  27  5:27  Photon Cannon  
  27  5:37  Solar Efficiency Level 2  
  27  6:08  Photon Cannon  
  27  6:09  Photon Cannon  
  27  6:35  Fortification Barrier  
  27  7:33  Fleet Beacon  
  27  7:35  Optimized Ordinance  
  27  7:47  Pylon  
  27  7:51  Photon Cannon  
  27  7:54  Photon Cannon  
  26  8:05  Probe (Chrono Boost)  
  27  8:18  Phase Detonation  
  27  8:22  Probe (Chrono Boost)  
  28  8:33  Nexus  
  28  8:37  Assimilator  
  28  8:39  Assimilator  
  28  8:47  Probe (Chrono Boost)  
  29  9:04  Probe (Chrono Boost)  
  30  9:38  Pylon  
  31  9:42  Probe (Chrono Boost)  
  31  9:47  Photon Cannon  
  31  9:49  Photon Cannon  
  31  9:59  Probe (Chrono Boost)  
  32  10:16  Probe (Chrono Boost)  
  32  10:18  Solar Flare  
  33  10:25  Photon Cannon  
  33  10:33  Probe (Chrono Boost)  
  33  10:38  Probe (Chrono Boost)  
  36  10:50  Probe (Chrono Boost)  
  36  10:55  Probe (Chrono Boost)  
  37  11:01  Photon Cannon  
  37  11:02  Photon Cannon  
  37  11:07  Probe (Chrono Boost)  
  39  11:12  Probe (Chrono Boost)  
  39  11:16  Pylon  
  39  11:23  Pylon  
  39  11:27  Photon Cannon  
  39  11:34  Photon Cannon  
  39  12:18  Solar Efficiency Level 3  
  39  12:28  Photon Cannon  
  39  12:30  Photon Cannon  
  39  12:34  Photon Cannon  
  39  12:40  Photon Cannon  
  39  12:43  Photon Cannon x2  
  39  12:50  Protoss Shields Level 1  
  39  13:15  Probe x2 (Chrono Boost)  
  42  13:32  Probe x2 (Chrono Boost)  
  43  13:49  Probe x2 (Chrono Boost)  
  45  14:06  Probe x2 (Chrono Boost)  
  47  14:22  Probe (Chrono Boost), Pylon x2  
  47  14:23  Probe (Chrono Boost)  
  47  14:27  Pylon  
  49  14:30  Pylon  
  49  14:39  Probe (Chrono Boost)  
  51  14:40  Probe (Chrono Boost)  
  51  14:56  Probe (Chrono Boost)  
  51  14:57  Probe (Chrono Boost)  
  53  15:03  Photon Cannon  
  53  15:05  Photon Cannon  
  53  15:07  Photon Cannon  
  53  15:08  Photon Cannon  
  53  15:13  Probe (Chrono Boost)  
  53  15:14  Photon Cannon  
  53  15:17  Advanced Repair Systems  
  53  15:18  Photon Cannon  
  54  15:29  Photon Cannon x2  
  54  15:30  Photon Cannon  
  54  15:31  Photon Cannon  
  54  15:33  Photon Cannon  
  54  15:36  Photon Cannon  
  54  15:38  Photon Cannon  
  54  15:42  Protoss Shields Level 2  
  54  16:22  Pylon  
  54  16:28  Photon Cannon  
  54  16:31  Photon Cannon x2  
  54  16:44  Photon Cannon  
  54  16:45  Photon Cannon  
  54  16:47  Unknown  
  54  16:48  Photon Cannon  
  54  16:57  Khaydarin Monolith  
  54  17:00  Khaydarin Monolith  
  54  17:14  Shield Battery x2  
  54  17:49  Photon Cannon  
  54  17:50  Photon Cannon  
  54  17:53  Photon Cannon  
  54  17:55  Photon Cannon  
  54  18:00  Photon Cannon  
  54  18:05  Shield Battery  
  54  18:06  Shield Battery  
  54  18:09  Shield Battery  
  54  18:12  Shield Battery  
  54  18:13  Shield Battery  
  54  18:19  Shield Battery  
  54  18:21  Shield Battery  
  52  21:01  Pylon  
  52  21:02  Pylon  
  52  21:04  Pylon  
  52  21:09  Khaydarin Monolith  
  52  21:10  Khaydarin Monolith  
  52  21:11  Khaydarin Monolith  
  52  21:14  Shield Battery  
  52  21:20  Shield Battery  
  52  21:23  Shield Battery  
  52  21:26  Photon Cannon, Shield Battery  
  52  21:28  Photon Cannon  
  52  21:31  Photon Cannon  
  52  21:35  Photon Cannon  
  52  21:36  Photon Cannon  
  52  21:39  Photon Cannon  
  52  21:42  Photon Cannon x2  
  52  21:44  Photon Cannon  
  52  21:50  Pylon  
  52  21:52  Pylon  
  52  21:56  Shield Battery  
  52  22:00  Shield Battery  
  52  22:04  Shield Battery  
  52  22:06  Shield Battery  
  52  22:07  Photon Cannon  
  52  22:09  Photon Cannon  
  52  22:10  Photon Cannon  
  52  22:25  Photon Cannon  
  52  22:26  Photon Cannon  
  52  22:29  Photon Cannon  
  52  22:31  Photon Cannon  
  52  22:33  Photon Cannon  
  52  22:35  Photon Cannon  
  52  22:36  Photon Cannon  
  52  22:37  Photon Cannon  
  52  22:38  Photon Cannon  
  52  22:40  Photon Cannon  
  52  22:43  Photon Cannon  
  52  22:46  Photon Cannon  
  52  22:50  Photon Cannon  
  52  23:09  Photon Cannon  
  52  23:11  Photon Cannon  
  52  23:13  Photon Cannon  
  52  23:15  Photon Cannon  
  52  23:17  Photon Cannon  
  52  23:18  Shield Battery  
  52  23:20  Shield Battery  
  52  23:24  Shield Battery  
  52  24:03  Shield Battery  
  52  24:06  Shield Battery  
  52  24:23  Pylon  
  52  24:27  Photon Cannon  
  52  24:28  Photon Cannon  
  52  24:35  Photon Cannon  
  52  25:26  Shield Battery  
  52  25:30  Shield Battery  
  52  28:13  Pylon  
  52  28:14  Pylon  
  52  28:20  Pylon  
  52  28:23  Pylon  
  52  28:25  Pylon  
  52  28:39  Photon Cannon  
  52  28:41  Photon Cannon  
  52  28:43  Photon Cannon  
  52  28:48  Photon Cannon x2  
  52  28:54  Photon Cannon  
  52  28:55  Photon Cannon  
  52  28:56  Photon Cannon  
  52  28:57  Photon Cannon  
  52  29:02  Photon Cannon  
  52  29:04  Photon Cannon  
  52  29:05  Photon Cannon  
  52  29:06  Photon Cannon  
  52  29:07  Photon Cannon  
  52  29:08  Photon Cannon  
  52  29:14  Photon Cannon  
  52  29:16  Photon Cannon  
  52  29:18  Khaydarin Monolith  
  52  29:20  Khaydarin Monolith  
  52  29:35  Khaydarin Monolith  
  52  29:37  Khaydarin Monolith  
  52  30:09  Khaydarin Monolith  
  52  30:14  Khaydarin Monolith  
  52  30:16  Khaydarin Monolith  
  52  30:23  Khaydarin Monolith  
Show
View Real Time Build Order
Export as new Build Order

NamroodTuo Zerg 

Build Orders:  

Get SALT Encoding   

  12  0:04  Infested SCV  
  13  0:15  Infested SCV  
  14  0:21  Infested SCV  
  15  0:38  Infested Barracks  
  15  0:50  Overlord  
  15  1:16  Infested SCV  
  16  1:22  Infested SCV  
  16  1:29  Infested SCV  
  18  1:32  Infested SCV  
  19  1:41  Infestation Level 1  
  19  1:51  Infested Refinery  
  19  1:53  Infested Refinery  
  19  1:55  Infested SCV  
  20  2:03  Overlord  
  20  2:10  Infested SCV  
  21  2:38  Infested SCV  
  22  2:50  Infested Engineering Bay, Infested SCV  
  22  2:57  Overlord  
  23  3:15  Infested Barracks Tech Lab  
  23  3:17  Infested SCV  
  24  3:29  Stukov Infantry Weapons Level 1  
  24  3:37  Infested SCV  
  25  3:41  Anaerobic Enhancement  
  25  3:50  Infested SCV  
  26  4:02  Infested SCV  
  27  4:17  Infested SCV  
  28  4:41  Infestation Level 2  
  28  4:55  Infested SCV  
  28  4:56  Overlord  
  29  5:01  Retinal Augmentation  
  29  5:26  Infested Bunker  
  33  6:19  Infested Bunker  
  37  6:21  Stukov Infantry Armor Level 1  
  37  6:32  Plagued Munitions  
  37  6:41  Broodling Gestation  
  37  6:56  Infested Bunker  
  41  7:22  Infested Factory  
  41  7:24  Infested SCV  
  41  7:25  Overlord  
  41  7:26  Overlord  
  46  8:45  Infested Command Center  
  46  8:56  Infested Bunker  
  46  9:01  Regenerative Plating  
  46  9:06  Infested Bunker  
  50  9:17  Infested Armory  
  50  9:30  Overlord  
  50  9:44  Infested Marine  
  50  9:45  Infested Marine x11  
  50  9:46  Infested Marine  
  63  9:52  Overlord  
  63  10:16  Infested Marine x3  
  63  10:17  Infested Marine x7  
  73  10:31  Unknown  
  73  10:39  Infested SCV  
  74  10:40  Infested SCV x2, Infested Missile Turret  
  74  10:43  Overlord  
  74  10:49  Stukov Infantry Weapons Level 2  
  76  11:03  Aggressive Incubation  
  76  11:06  Infested SCV  
  77  11:41  Infested Marine  
  77  11:42  Infested Marine x8  
  77  11:47  Infestation Level 3  
  70  11:59  Infested SCV x2  
  70  12:00  Infested SCV  
  70  12:03  Infested SCV  
  67  12:22  Infested SCV  
  68  12:49  Infested Bunker  
  72  12:50  Infested SCV x2  
  74  13:20  Overseer x3  
  74  13:21  Overseer x3  
  65  13:53  Infested SCV x3  
  65  13:54  Infested SCV  
  65  13:59  Calcified Armor  
  69  14:08  Infested Bunker  
  77  14:17  Infested Bunker  
  77  14:20  Overlord x3  
  77  14:52  Infested Barracks  
  77  14:59  Stukov Infantry Armor Level 2  
  77  15:27  Infested Marine  
  77  15:28  Infested Marine x12  
  77  15:29  Infested Marine x7  
  97  15:39  Infested Bunker  
  105  15:42  Infested Bunker  
  105  15:47  Infested Marine, Infested Bunker  
  105  15:48  Infested Marine x3  
  90  17:32  Stukov Vehicle and Ship Armor Level 1  
  90  17:37  Infested SCV x2  
  90  17:38  Overlord, Infested SCV  
  90  17:39  Infested SCV  
  93  17:43  Infested Factory Tech Lab  
  93  17:59  Infested Bunker  
  101  18:04  Infested Bunker  
  101  18:09  Stukov Infantry Weapons Level 3  
  101  19:03  Infested Marine  
  101  19:04  Infested Marine x18  
  101  19:05  Infested Marine x14  
  134  19:57  Overlord x3  
  134  19:58  Overlord x2  
  134  20:12  Stukov Vehicle and Ship Weapons Level 1  
  134  20:40  Overlord x2  
  134  20:49  Overseer  
  130  21:02  Infested Marine x2  
  130  21:03  Infested Marine x10  
  130  21:07  Infested Bunker  
  130  21:09  Infested Bunker  
  121  21:16  Infested Bunker  
  125  21:49  Stukov Infantry Armor Level 3  
  125  22:51  Infested Colonist Compound  
  125  22:52  Stukov Vehicle and Ship Armor Level 2  
  113  23:01  Infested Factory  
  113  23:13  Infested Factory  
  113  23:17  Infested Marine x2  
  113  23:18  Infested Marine x20  
  113  23:19  Infested Marine x18  
  153  24:04  Infested Factory Tech Lab  
  153  24:16  Infested Factory Tech Lab  
  153  24:30  Infested Barracks Tech Lab  
  157  24:44  Overlord x4  
  157  24:45  Overlord  
  161  24:55  Infested Bunker  
  165  25:04  Infested Bunker  
  169  25:11  Infested Bunker  
  129  25:21  Infested Bunker  
  129  25:46  Infested Marine  
  129  25:47  Infested Marine x7  
  129  25:48  Infested Marine x15  
  152  25:50  Infested Diamondback x2  
  152  25:51  Infested Diamondback x4  
  152  25:52  Infested Diamondback x5  
  152  25:53  Infested Diamondback x4  
  193  27:07  Overseer  
  193  27:08  Overseer x4  
  168  29:32  Infested Marine x4  
  168  29:33  Infested Marine x16  
  168  29:34  Infested Marine x12  
Tags
 
Commander
KaraxStukov
League
Diamond
Matchup
Co-op
Replay Pack
Multiplayer
Add a new tag
Caveats
  • Supply blocks, unpowered buildings, or Contaminate may cause inaccurate times.
  • Supply counts are checked every 10 seconds.